 Dungeon Crawl Stone Soup version 0.29-a0-384-g6960b1960d (webtiles) character file.

Game seed: 27107193800471075

65 chunkyMonkey the Covered (level 3, -23/45 (46) HPs)
             Began as a Demigod Fighter on May 7, 2022.
             Killed from afar by Ijyb (37 damage)
             ... with a bolt of acid
             ... on level 3 of the Dungeon.
             The game lasted 00:02:56 (2672 turns).

chunkyMonkey the Covered (Demigod Fighter)          Turns: 2672, Time: 00:02:57

HP:   -23/45 (46)   AC: 21    Str: 21    XL:     3   Next: 67%
MP:   6/6           EV:  2    Int: 10    God:
Gold: 233           SH: 12    Dex: 13    Spells: 3/3 levels left

rFire   . . .      SeeInvis .   a - +0 war axe
rCold   . . .      Faith    .   n - +0 tower shield
rNeg    . . .      Spirit   .   (body armour currently unavailable)
rPois   +          Reflect  .   (helmet currently unavailable)
rElec   .          Harm     .   (cloak currently unavailable)
rCorr   .          Rampage  .   (gloves currently unavailable)
Will    +....      NoTele   +   (boots currently unavailable)
Stlth   +.........              (no amulet)
HPRegen 0.15/turn               c - ring of willpower
MPRegen 0.10/turn               (no ring)

@: mighty, tree-form, lightly drained
A: stationary, stasis, torment immunity, boosted hp, high MP 1, forlorn, divine
attributes
a: no special abilities


You were on level 3 of the Dungeon.
You were a tree.
You visited 1 branch of the dungeon, and saw 3 of its levels.

You collected 233 gold pieces.

Inventory:

Hand Weapons
 a - a +0 war axe (weapon)
Armour
 n - a +0 tower shield (worn)
 t - a +0 chain mail (melded)
Jewellery
 c - a ring of willpower (left branch)
Scrolls
 e - 2 scrolls of brand weapon {unknown}
 f - a scroll of teleportation {unknown}
 g - a scroll of immolation {unknown}
 l - 2 scrolls of magic mapping {unknown}
 m - a scroll of blinking {unknown}
 p - a scroll of identify {unknown}
 q - a scroll of vulnerability {unknown}
Potions
 h - a potion of lignification
 i - 2 potions of berserk rage {unknown}
 j - a potion of flight {unknown}
 k - a potion of heal wounds {unknown}
 o - a potion of cancellation {unknown}
 r - 2 potions of curing {unknown}
 s - 2 potions of attraction {unknown}


   Skills:
 * Level 3.0 Fighting
 * Level 2.3 Axes
 * Level 3.1 Armour
 + Level 0.9 Dodging
 * Level 3.1 Shields
 + Level 0.5 Spellcasting


You had 3 spell levels left.
You didn't know any spells.
Your spell library contained the following spells:

 Spells                   Type           Power      Damage    Failure   Level
 Magic Dart               Conj           0%         1d3       99%         1
 Call Imp                 Summ           0%         N/A       100%        2
 Mephitic Cloud           Conj/Pois/Air  0%         N/A       100%        3
 Summon Guardian Golem    Hex/Summ       0%         N/A       100%        3
 Orb of Destruction       Conj           0%         9d5       100%        7
 Spellforged Servitor     Conj/Summ      0%         N/A       100%        7


Dungeon Overview and Level Annotations

Branches:
Dungeon (3/15)

Annotations:
D:3 Grinder, Ijyb


Innate Abilities, Weirdness & Mutations

You are a tree.
Your roots penetrate the ground, keeping you stationary.
You cannot be teleported.
You are immune to unholy pain and torment.
Your maximum health is greatly increased.
Your equipment is partially melded.
You have an increased reservoir of magic. (+10% MP)
You shall have no god before yourself.
Your divine heritage dramatically boosts your attributes as you level up.


Message History

You kill the orc!
The orc priest hits you but does no damage.
You block the orc priest's attack. The orc priest completely misses you.
The orc priest hits you but does no damage.
You barely miss the orc priest.
The orc priest is moderately wounded.
The kobold shouts!
A kobold comes into view. It is wielding a +0 short sword.
The orc priest hits you but does no damage.
You block the orc priest's attack.
The orc priest hits you with a +0 dagger.
The orc priest hits you but does no damage.
You block the kobold's attack.
You hit the orc priest but do no damage.
The orc priest is moderately wounded.
You barely miss the kobold. x2
The orc priest looks satisfied for a moment.
The orc priest hits you but does no damage.
The kobold hits you but does no damage.
You slash the kobold!
You kill the kobold!
You hit the orc priest. You barely miss the kobold.
You hear the rusting of a very distant drain.
An orc comes into view. It is wielding a +0 club.
You block the kobold's attack.
The orc priest casts a cantrip, but nothing happens.
The orc priest hits you but does no damage.
You block the kobold's attack.
The orc priest casts a cantrip, but nothing happens.
The orc priest hits you but does no damage.
The kobold hits you but does no damage. Ijyb hits you but does no damage.
You feel drained.
You slash the kobold!
You kill the kobold!
You closely miss the orc priest. You barely miss Ijyb. You slash the kobold!
You kill the kobold!
You block the orc priest's attack. x2; Ijyb zaps a wand.
The bolt of acid hits you!!!
Ouch! That really hurt!
You die...

... #.# ## #.#
#..####.#
....o(..#
.....(..#
.....Kog###
.....o)♣..##
....KK))#..##
........##..#
''###...###.####
. ##..# #.#..#
#..###...##
#.........##
#..........##
#..##.......#


You could see Ijyb, 2 orc priests, an orc and 3 kobolds.

Vanquished Creatures
  An adder (D:3)
  A worm (D:2)
  3 dart slugs
  3 orcs (D:3)
  3 ball pythons
  3 endoplasms
  A giant cockroach (D:1)
  6 goblins
  5 hobgoblins
  4 quokkas (D:1)
  6 bats
  A frilled lizard (D:2)
  5 kobolds
  A rat (D:1)
43 creatures vanquished.

Vanquished Creatures (others)
  7 toadstools (D:3)
7 creatures vanquished.

Grand Total: 50 creatures vanquished

Notes
Turn   | Place    | Note
-------+----------+-------------------------------------------
     0 | D:1      | chunkyMonkey the Demigod Fighter began the quest for the
                  | Orb.
     0 | D:1      | Reached XP level 1. HP: 18/18 MP: 3/3
   442 | D:1      | Reached XP level 2. HP: 20/25 MP: 4/4
  1334 | D:2      | Reached XP level 3. HP: 28/30 MP: 5/5
  2477 | D:3      | Noticed Grinder
  2667 | D:3      | Noticed Ijyb
  2672 | D:3      | Killed from afar by Ijyb

Illustrated notes

Levels and vault maps discovered:
D:1:      elethiomel_arrival_quiet, layout_basic,
          nicolae_ecumenical_snake_handling, minmay_heptomino_h4
D:2:      layout_basic, chequers_serial_rivers_small_3
D:3:      cheibrodos_fertilizer, layout_rooms, grunt_qazlal_clouds,
          gup_sewer_entry_glass, corexii_item_surrounded_by_moat, uniq_ijyb,
          uniq_crazy_yiuf_cottage, uniq_grinder

Skill      XL: |  1  2  3 |
---------------+----------+-----
Axes           | 2 |  2.3
Armour         | 3 |  3.1
Shields        | 3 |  3.1
Fighting       | 3 |  3.0
Dodging        | |  0.9
Spellcasting   | |  0.5

Action                   || total
-------------------------++-------
Melee: War axe           ||   113
  Use: Potion            ||     3
Armor: Scale mail        ||    44
       Skin              ||    11
       Chain mail        ||     2
Dodge: Dodged            ||    41
Block: Buckler           ||    19
       Tower shield      ||    42

Table legend: (Time is in decaauts)
 A = Elapsed time spent in this place.
 B = Non-inter-level travel time spent in this place.
 C = Inter-level travel time spent in this place.
 D = Time resting spent in this place.
 E = Time spent auto-exploring this place.
 F = Levels seen in this place.
 G = Mean time per level.
                   A        B        C        D        E       F      G
               +--------+--------+--------+--------+--------+-----+--------+
         Total |   2745 |   2664 |     81 |    713 |   1519 |   3 |  915.0 |
       Dungeon |   2745 |   2664 |     81 |    713 |   1519 |   3 |  915.0 |
               +--------+--------+--------+--------+--------+-----+--------+

Top non-repeatable levels by time:
     D:2: 1319 daAuts
     D:1: 1241 daAuts
     D:3: 184 daAuts
